 Dungeon Crawl Stone Soup version 0.19-a0-944-gb338e1e (webtiles) character file.

23 Duffy the Chopper (level 3, 21/33 HPs)
             Began as a Hill Orc Berserker on July 8, 2016.
             Was a Believer of Trog.
             Quit the game on level 1 of the Dungeon.
             The game lasted 00:01:05 (601 turns).

Duffy the Chopper (Hill Orc Berserker)               Turns: 601, Time: 00:01:06

Health: 21/33      AC:  5    Str: 19    XL:     3   Next: 0%
Magic:  3/3        EV: 11    Int:  7    God:    Trog [**....]
Gold:   16         SH:  0    Dex: 11    Spells: 0 memorised, 2 levels left

rFire  . . .     SeeInvis .     i - +0 dagger (venom)
rCold  . . .     Gourm    .     h - +0 ring mail
rNeg   . . .     Faith    .     (no shield)
rPois  .         Spirit   .     (no helmet)
rElec  .         Dismiss  .     (no cloak)
rCorr  .         Reflect  .     (no gloves)
SustAt .         Harm     .     (no boots)
MR     .....     Rnd*Tele +     (no amulet)
Stlth  +.........               (no ring)
                                j - ring of teleportation (curse)

@: not resistant to hostile enchantments, very unstealthy
A: no striking features
a: Berserk, Trog's Hand, Burn Spellbooks, Renounce Religion


You were on level 1 of the Dungeon.
You worshipped Trog.
Trog was pleased with you.
You were not hungry.

You visited 1 branch of the dungeon, and saw 2 of its levels.

You collected 16 gold pieces.


   Skills:
 + Level 3.8 Fighting
 + Level 4.9 Axes
 + Level 2.4 Armour
 + Level 1.7 Dodging


You had 2 spell levels left.
You didn't know any spells.

Inventory:

Hand Weapons
 a - a +0 hand axe
 i - a +0 dagger of venom (weapon)
Missiles
 e - 9 poisoned needles
Armour
 b - a +0 animal skin
 d - a +0 leather armour
 h - a +0 ring mail (worn)
Jewellery
 j - a cursed ring of teleportation (left hand)
Potions
 f - a potion of berserk rage
 g - a potion of heal wounds {unknown}
 k - a potion of invisibility {unknown}
Comestibles
 c - 2 bread rations

Dungeon Overview and Level Annotations

Branches:
Dungeon (2/15)

Altars:
Yredelemnul


Message History

No target in view!
No target in view!
No target in view!
No target in view!
No target in view!
No target in view!
No target in view!
No target in view!
Found a scroll labeled VONEJI FUMIG and 14 stones.
You see here a silvery potion.
You hit the hobgoblin.
The hobgoblin is poisoned.
The hobgoblin is moderately wounded.
The hobgoblin hits you but does no damage.
You hit the hobgoblin.
The hobgoblin looks as sick as possible!
The hobgoblin is severely wounded.
You kill the hobgoblin!
Trog accepts your kill.
No target in view!
No target in view!
No target in view!
No target in view!
No target in view!
No target in view!
No target in view!
No target in view!
No target in view!
No target in view!
No target in view!
Found a dagger.
A hobgoblin comes into view. It is wielding a club.
Found a leather armour.
The hobgoblin barely misses you.
You hit the hobgoblin.
The hobgoblin is poisoned.
The hobgoblin is moderately wounded.
The hobgoblin hits you but does no damage.
You hit the hobgoblin.
The hobgoblin looks as sick as possible!
The hobgoblin is almost dead.
You kill the hobgoblin!
Trog accepts your kill.
You have reached level 3!
Your experience leads to an increase in your attributes!
Increase (S)trength, (I)ntelligence, or (D)exterity?
You feel agile.
l - a scroll labeled VONEJI FUMIG
As you read the scroll labeled VONEJI FUMIG, it crumbles to dust.
You feel strangely unstable.
It was a scroll of teleportation.
Your surroundings suddenly seem different.
Are you sure you want to abandon this character and quit the game? (Confirm with "yes".)

...#.)......# #.#
...#........# #.#
...#........# #.#
...#........# #.#
...#........# #.#
...#.###.##.# #.#
.......#.# .# #.#
.##..#.#.#
#.######### .....#.#
#.@.......# .#.#.#.#
#########.#
.#.#...### #.#
..[......# #.#
.#.#...#.# #.#
.#.......####### #.#
#####..........# #.#
### #.....### #.#
..###.....###########
#.#


There were no monsters in sight!

Action                   || total
-------------------------++-------
Melee: Hand axe          ||    16
       Dagger            ||    55
  Use: Scroll            ||     3
Armor: Animal skin       ||     4
       Ring mail         ||    23
Dodge: Dodged            ||    55

Notes
Turn   | Place    | Note
-------+----------+-------------------------------------------
     0 | D:1      | Duffy the Hill Orc Berserker began the quest for the Orb.
     0 | D:1      | Reached XP level 1. HP: 19/19 MP: 1/1
    52 | D:1      | You fall through a shaft!
   115 | D:2      | Found a basalt altar of Yredelemnul.
   144 | D:1      | Reached XP level 2. HP: 10/26 MP: 2/2
   571 | D:1      | Reached ** piety under Trog
   594 | D:1      | Reached XP level 3. HP: 20/33 MP: 3/3
   601 | D:1      | Quit the game

Vault maps used:
D:1:      noname_arrival_rooms_in_the_neighbourhood
D:2:      grunt_temple_overflow_holy_war, xom_redecorated,
          lemuel_coloured_pillars_altar, serial_park_tiny_2

Vanquished Creatures
  A worm
  A giant cockroach
  3 goblins
  3 hobgoblins
  3 jackals
  A bat
  2 giant newts
  4 kobolds
  A rat
19 creatures vanquished.
